[Event "Titled Tuesday Blitz November 01 Late 2022"]
[White "Do Nascimento,Christian Almeida"]
[Black "chess50years"]
[WhiteFideId "2143801"]
[WhiteElo "2079"]
[BlackElo "2104"]
[Result "1-0"]
[Round "10"]
[TimeControl "180+1"]
[Date "2022.11.02"]
[WhiteClock "0:00:37"]
[BlackClock "0:00:01"]

1. d4 Nf6 2. Bg5 d5 3. Bxf6 gxf6 4. c4 c6 5. e3 Bf5 6. Nc3 e6 7. Nf3 Nd7 8. Bd3 Bg6 9. O-O Bd6 10. e4 dxc4 11. Bxc4 O-O 12. Bb3 a5 13. a3 Nb6 14. Qe2 a4 15. Ba2 Be7 16. Rad1 Qc7 17. d5 e5 18. Nh4 Rfd8 19. Nxg6 hxg6 20. Qg4 Kg7 21. Rd3 cxd5 22. Bxd5 Rac8 23. Rfd1 Bf8 24. h4 Bc5 25. h5 Rh8 26. hxg6 fxg6 27. Bxb7 Rcd8 28. Rxd8 Rxd8 29. Rxd8 Qxd8 30. Bd5 Qc7 31. Qe6 Qe7 32. Qg8+ Kh6 33. g3 Qg7 34. Qe6 Qe7 35. Qc6 Kg7 36. Kg2 Bd4 37. Nxa4 Nxd5 38. exd5 Qa7 39. d6 Bxf2 40. Qc7+ 1-0


[Site "https://www.chess.com"]

[Event "Titled Tuesday Blitz November 01 Late 2022"]
[White "Dzierzak, Radoslaw"]
[Black "Hua, Lefong"]
[WhiteFideId "1161407"]
[BlackFideId "2602253"]
[WhiteElo "2111"]
[BlackElo "2583"]
[Result "1/2-1/2"]
[Round "10"]
[TimeControl "180+1"]
[Date "2022.11.02"]
[WhiteClock "0:00:27"]
[BlackClock "0:00:52"]

1. e4 c5 2. Nf3 g6 3. Bc4 Bg7 4. c3 e6 5. d4 cxd4 6. Nxd4 d5 7. exd5 exd5 8. Bb5+ Bd7 9. Qe2+ Qe7 10. Bxd7+ Nxd7 11. Nb5 Qxe2+ 12. Kxe2 Be5 13. f4 Bb8 14. Be3 a6 15. Nd4 Ngf6 16. Nd2 O-O 17. Rhe1 Re8 18. Kf3 Ne4 19. Rad1 Ba7 20. Nc2 Nxd2+ 21. Rxd2 Bxe3 22. Nxe3 Nf6 23. Red1 Kg7 24. Nxd5 Nxd5 25. Rxd5 Re7 26. Rd7 Rae8 27. Rxe7 Rxe7 28. Rd6 h5 29. c4 Rc7 30. b3 b5 31. cxb5 axb5 32. Rb6 Rc2 33. Rxb5 Rxa2 34. Rb6 Rb2 35. h4 Kf8 36. Rb7 Ke8 37. g3 Kf8 38. g4 hxg4+ 39. Kxg4 Rg2+ 40. Kf3 Rb2 41. f5 gxf5 42. Kf4 Rf2+ 43. Kg5 Kg7 44. h5 Rg2+ 45. Kxf5 Rh2 46. h6+ Rxh6 47. b4 Kf8 48. b5 Ke8 49. b6 Kd8 50. Ke5 Kc8 51. Rc7+ Kb8 52. Rxf7 Rxb6 53. Rf6 Rxf6 54. Kxf6 1/2-1/2


[Site "https://www.chess.com"]

[Event "Titled Tuesday Blitz November 01 Late 2022"]
[White "Estrada Nieto, Julian"]
[Black "Ashiku, Franc"]
[WhiteFideId "5101018"]
[BlackFideId "4700066"]
[WhiteElo "2252"]
[BlackElo "2306"]
[Result "0-1"]
[Round "10"]
[TimeControl "180+1"]
[Date "2022.11.02"]
[WhiteClock "0:00:11"]
[BlackClock "0:00:27"]

1. e4 d5 2. exd5 Qxd5 3. Nc3 Qd6 4. d4 g6 5. Nf3 Bg7 6. Bc4 a6 7. O-O Nf6 8. Ne5 O-O 9. Bf4 Qd8 10. a4 Nc6 11. Nxc6 bxc6 12. Be5 a5 13. Qf3 Ba6 14. Qxc6 Bxc4 15. Qxc4 Qd7 16. Rfe1 c6 17. Rad1 h5 18. h3 Nd5 19. Bxg7 Kxg7 20. Ne4 Rab8 21. b3 Nf4 22. Nc5 Qf5 23. Rxe7 Rb4 24. Re5 Qxe5 25. dxe5 Rxc4 26. bxc4 Re8 27. g3 Nxh3+ 28. Kg2 Ng5 29. f4 Ne6 30. Nxe6+ fxe6 31. Rd7+ Kh6 32. Rc7 Rd8 33. Rxc6 Rd2+ 34. Kf3 Rxc2 35. c5 Rc3+ 36. Ke4 Rc4+ 37. Kd3 Rxa4 38. Rxe6 Ra3+ 39. Kd4 Rxg3 40. c6 Rg1 41. Kd5 Rd1+ 42. Kc5 Rc1+ 43. Kb6 a4 44. c7 a3 45. Kb7 a2 46. Ra6 Rb1+ 47. Kc8 a1=Q 48. Rxa1 Rxa1 49. Kd7 Rd1+ 50. Ke7 Rc1 51. Kd7 Rd1+ 52. Ke7 Rc1 53. Kd7 h4 54. c8=Q Rxc8 55. Kxc8 h3 56. e6 h2 57. e7 h1=Q 58. e8=Q Qa8+ 59. Kd7 Qa4+ 60. Ke7 Qxf4 61. Qh8+ Kg5 62. Ke6 Qe4+ 63. Kd6 Qf4+ 64. Ke6 Qf5+ 65. Kd6 Kg4 66. Qd4+ Qf4+ 67. Qxf4+ Kxf4 68. Kd5 g5 69. Kd4 g4 70. Kd3 Kf3 71. Kd2 Kf2 72. Kd1 g3 73. Kd2 g2 74. Kd3 g1=Q 75. Kd4 Qe1 76. Kd5 Kf3 0-1


[Site "https://www.chess.com"]

[Event "Titled Tuesday Blitz November 01 Late 2022"]
[White "Faizrakhmanov, Ramil"]
[Black "Ernst, Sipke"]
[WhiteFideId "24103209"]
[BlackFideId "1004689"]
[WhiteElo "2421"]
[BlackElo "2438"]
[Result "1-0"]
[Round "10"]
[TimeControl "180+1"]
[Date "2022.11.01"]
[WhiteClock "0:00:59"]
[BlackClock "0:00:54"]

1. d4 Nf6 2. c4 Nc6 3. Nf3 e6 4. Nc3 Bb4 5. Qc2 O-O 6. g3 d6 7. Bg2 e5 8. dxe5 dxe5 9. O-O Bxc3 10. Qxc3 Re8 11. b3 Bg4 12. h3 Bxf3 13. Bxf3 Nd4 14. Re1 e4 15. Bg2 c5 16. Be3 Qd6 17. Bf1 Rad8 18. Rad1 Qe5 19. Kh1 b6 20. Rd2 Rd7 21. Red1 Red8 22. Bf4 Qe6 23. Bg5 h6 24. Bxf6 Qxf6 25. e3 Nf3 26. Qxf6 Rxd2 27. Qxd8+ 1-0


[Site "https://www.chess.com"]

[Event "Titled Tuesday Blitz November 01 Late 2022"]
[White "Fernandez Guillen, Ernesto J."]
[Black "Svane, Rasmus"]
[WhiteFideId "3512428"]
[BlackFideId "4657101"]
[WhiteElo "2422"]
[BlackElo "2674"]
[Result "0-1"]
[Round "10"]
[TimeControl "180+1"]
[Date "2022.11.01"]
[WhiteClock "0:00:04"]
[BlackClock "0:00:06"]

1. e4 c6 2. d4 d5 3. e5 Bf5 4. c3 e6 5. Bd3 Bxd3 6. Qxd3 Qb6 7. Ne2 Qa6 8. Qd1 c5 9. O-O Nc6 10. Nd2 cxd4 11. cxd4 Nge7 12. Nf3 Rc8 13. a3 Rc7 14. Be3 Nf5 15. g4 Nxe3 16. fxe3 Be7 17. Ng3 O-O 18. Rc1 f6 19. exf6 Bxf6 20. Nh5 Rcf7 21. Rc2 Bg5 22. Kg2 Bxe3 23. Re2 Bxd4 24. Rxe6 Qb5 25. b4 Bb6 26. Ng3 Qc4 27. h3 Nd4 28. Nxd4 Rxf1 29. Nxf1 Bxd4 30. Re2 Bb6 31. Ng3 g6 32. Qe1 Qf4 33. Re8 Qf3+ 34. Kh2 Qf2+ 35. Qxf2 Bxf2 36. Re7 Rf7 37. Re8+ Kg7 38. Rd8 Rf3 39. Ne2 Rxa3 40. Rxd5 Ra2 41. Rd7+ Kf6 42. Nf4 b5 43. Kg2 Be3+ 44. Kf3 Bxf4 45. Kxf4 Ra4 46. Rxh7 Rxb4+ 47. Kg3 a5 48. h4 a4 49. Ra7 Rb3+ 50. Kf4 Rb4+ 51. Kf3 Ke5 52. h5 gxh5 53. gxh5 Kd4 54. h6 Kc3 55. h7 Rh4 56. Kg3 Rh1 57. Kg4 Kb3 58. Kg5 a3 59. Kg6 a2 60. Kg7 b4 61. Kg6 Kb2 62. Ra4 b3 63. Ra7 Rxh7 64. Kxh7 a1=Q 65. Rxa1 Kxa1 0-1


[Site "https://www.chess.com"]

[Event "Titled Tuesday Blitz November 01 Late 2022"]
[White "Firouzja, Alireza"]
[Black "Martinez Alcantara, Jose Eduardo"]
[WhiteFideId "12573981"]
[BlackFideId "3805662"]
[WhiteElo "2903"]
[BlackElo "2703"]
[Result "1-0"]
[Round "10"]
[TimeControl "180+1"]
[Date "2022.11.01"]
[WhiteClock "0:00:07"]
[BlackClock "0:00:01"]

1. e4 e5 2. Nf3 Nf6 3. Nxe5 d6 4. Nf3 Nxe4 5. d4 Be7 6. Bd3 Nf6 7. O-O O-O 8. h3 b6 9. Re1 Bb7 10. c4 Nbd7 11. Nc3 Re8 12. Bf4 Bf8 13. d5 Rxe1+ 14. Qxe1 g6 15. Qd2 Bg7 16. Re1 Qf8 17. Nb5 a6 18. Nc3 Re8 19. Rd1 Nc5 20. Bc2 Nfe4 21. Nxe4 Nxe4 22. Qc1 Nc5 23. b4 Ne4 24. Bxe4 Rxe4 25. c5 Rxb4 26. cxd6 cxd6 27. Qc7 Rxf4 28. Qxb7 b5 29. Qxa6 Ra4 30. Qxb5 Rxa2 31. Re1 Ra8 32. g3 Bf6 33. Kg2 Kg7 34. Rb1 Qc8 35. Rb4 Ra2 36. Rc4 Qa8 37. Rc7 Ra7 38. Rc6 Ra5 39. Qc4 Ra4 40. Qd3 Qb8 41. h4 h5 42. Qe3 Ra5 43. Qe4 Ra2 44. Qe3 Ra5 45. Qe4 Ra2 46. Ne1 Ra5 47. Nd3 Rb5 48. Qf3 Ra5 49. Nf4 Be5 50. Nh3 Qb7 51. Ng5 Qe7 52. Rc4 Ra7 53. Rc8 Qf6 54. Qe4 Qe7 55. Nf3 Bf6 56. Qf4 Qd7 57. Rc6 Be7 58. Ng5 Bxg5 59. hxg5 Ra5 60. Qf6+ Kh7 61. Rxd6 Qb7 62. Rd8 Ra8 63. Qh8# 1-0


[Site "https://www.chess.com"]

[Event "Titled Tuesday Blitz November 01 Late 2022"]
[White "Gaehwiler, Gabriel"]
[Black "Ali Abdullahi, Farah"]
[WhiteFideId "1314530"]
[BlackFideId "16100212"]
[WhiteElo "2418"]
[BlackElo "2274"]
[Result "1-0"]
[Round "10"]
[TimeControl "180+1"]
[Date "2022.11.02"]
[WhiteClock "0:01:14"]
[BlackClock "0:00:01"]

1. Nf3 e6 2. g3 d5 3. c4 c5 4. Bg2 Nc6 5. O-O Nf6 6. cxd5 exd5 7. d4 Be7 8. Nc3 O-O 9. dxc5 Bxc5 10. Bg5 d4 11. Bxf6 Qxf6 12. Ne4 Qe7 13. Nxc5 Qxc5 14. Qd2 Re8 15. b4 Qxb4 16. Qxb4 Nxb4 17. Nxd4 Rb8 18. Rfb1 Na6 19. a3 Nc5 20. a4 a6 21. a5 Bg4 22. Rc1 Ne6 23. Nxe6 Rxe6 24. e3 Bf5 25. Bxb7 h5 26. Rc7 Bh3 27. Rac1 Rd6 28. Bc8 Bxc8 29. Rxc8+ Rxc8 30. Rxc8+ Kh7 31. Rc5 g6 32. Kg2 Kg7 33. Kf3 Kf6 34. Ke2 g5 35. e4 Re6 36. Ke3 Kg6 37. f4 gxf4+ 38. gxf4 Kh6 39. f5 Rd6 40. e5 Rd1 41. h4 Re1+ 42. Kf4 Rf1+ 43. Ke4 Rh1 44. Rc6+ Kg7 45. Rxa6 Rxh4+ 46. Kd5 Ra4 47. Ra7 Ra1 48. e6 Rc1 49. Rxf7+ Kh6 50. a6 Rd1+ 51. Ke5 h4 52. a7 Ra1 53. e7 Rxa7 54. e8=Q Ra5+ 55. Kf4 Ra4+ 56. Ke3 Ra3+ 57. Kd2 Kg5 58. Qe7+ Kf4 59. Qb4+ Kg5 60. Rg7+ Kf6 61. Qd4+ Kxf5 62. Rf7+ 1-0


[Site "https://www.chess.com"]

[Event "Titled Tuesday Blitz November 01 Late 2022"]
[White "Galchenko, Matvey"]
[Black "Bjelobrk, Igor"]
[WhiteFideId "24175480"]
[BlackFideId "4300726"]
[WhiteElo "2423"]
[BlackElo "2335"]
[Result "1-0"]
[Round "10"]
[TimeControl "180+1"]
[Date "2022.11.01"]
[WhiteClock "0:00:26"]
[BlackClock "0:00:08"]

1. f4 g6 2. Nf3 Bg7 3. g3 d5 4. Bg2 Nf6 5. O-O O-O 6. d3 b6 7. a4 a6 8. a5 b5 9. Ne5 Bb7 10. c4 e6 11. Nc3 c6 12. e4 Nbd7 13. Nxd7 Qxd7 14. e5 Ne8 15. b3 f6 16. Ba3 Rf7 17. d4 f5 18. cxb5 axb5 19. Bc5 Nc7 20. Bb6 Na6 21. g4 Bf8 22. Ne2 b4 23. Rc1 Nc7 24. h3 Nb5 25. Ng3 Nc3 26. Qd2 Ba6 27. Rf3 Rc8 28. Rfxc3 bxc3 29. Qxc3 fxg4 30. Bf1 Bxf1 31. Rxf1 gxh3 32. Qd3 Bh6 33. Ne2 Rcf8 34. Qxh3 Bxf4 35. Kg2 Bg5 36. Re1 Rf2+ 37. Kg1 Qf7 38. Bc5 Rf3 39. Qg2 Be3+ 40. Kh1 Rf1+ 41. Qxf1 Qxf1+ 42. Rxf1 Rxf1+ 43. Kg2 Rf2+ 44. Kg3 Rxe2 45. Kf3 Re1 46. a6 Bh6 47. a7 Ra1 48. Bb6 Kf7 49. b4 Ke8 50. Ba5 Ra3+ 51. Ke2 Bg5 52. a8=Q+ Kf7 53. Qxc6 Be7 54. Qd7 Ra2+ 55. Kd3 Ra3+ 56. Kc2 Kf8 57. Qxe6 1-0


[Site "https://www.chess.com"]

[Event "Titled Tuesday Blitz November 01 Late 2022"]
[White "Gallegos Diaz, Carlos Alberto"]
[Black "Polster, Christian"]
[WhiteFideId "3900886"]
[BlackFideId "12965081"]
[WhiteElo "2362"]
[BlackElo "2209"]
[Result "1-0"]
[Round "10"]
[TimeControl "180+1"]
[Date "2022.11.02"]
[WhiteClock "0:01:12"]
[BlackClock "0:00:02"]

1. e4 e6 2. d3 d5 3. Nd2 Nf6 4. Ngf3 Be7 5. Be2 O-O 6. O-O c5 7. c3 Nc6 8. Re1 Rb8 9. h3 b5 10. exd5 Nxd5 11. Bf1 b4 12. Qc2 Ba6 13. Nc4 Bf6 14. Bd2 Qc7 15. g3 Rfd8 16. Rad1 Na5 17. Re4 bxc3 18. bxc3 Nxc4 19. dxc4 Nb6 20. Bf4 e5 21. Bxe5 Bxe5 22. Rxd8+ Rxd8 23. Nxe5 g6 24. Ng4 f5 25. Nh6+ Kg7 26. Rh4 Bb7 27. Nxf5+ gxf5 28. Qxf5 Kg8 29. Rg4+ Kh8 30. Qf6+ 1-0


[Site "https://www.chess.com"]

[Event "Titled Tuesday Blitz November 01 Late 2022"]
[White "Gubajdullin, Alexei"]
[Black "Potapova, Margarita"]
[WhiteFideId "4141202"]
[BlackFideId "14126869"]
[WhiteElo "2200"]
[BlackElo "2150"]
[Result "1-0"]
[Round "10"]
[TimeControl "180+1"]
[Date "2022.11.02"]
[WhiteClock "0:00:12"]
[BlackClock "0:00:03"]

1. d4 d5 2. Nf3 Nf6 3. Bf4 e6 4. e3 Bd6 5. Bg3 c5 6. Nbd2 O-O 7. c3 Qc7 8. Ne5 Nbd7 9. f4 Ne4 10. Bd3 f5 11. Bh4 Nxe5 12. dxe5 Be7 13. Bxe7 Qxe7 14. Nf3 b6 15. Qe2 Bb7 16. Rg1 Kh8 17. g4 g6 18. gxf5 exf5 19. h4 d4 20. cxd4 cxd4 21. Bxe4 Bxe4 22. Nxd4 Qxh4+ 23. Qf2 Qe7 24. a3 Rac8 25. Qh2 Rc4 26. Rxg6 Rfc8 27. Qh6 Rc1+ 28. Rxc1 Rxc1+ 29. Kd2 Rh1 30. Qg5 Rh2+ 31. Ke1 Rh1+ 32. Kf2 Rh2+ 33. Kg1 Rg2+ 34. Qxg2 Bxg2 35. Rxg2 Qh4 36. Kf1 Qh3 37. Kf2 Qh4+ 38. Ke2 Qh3 39. Kf2 Qh4+ 40. Rg3 Qh2+ 41. Kf3 Qh5+ 42. Kg2 Qd1 43. e6 Qh5 44. e7 Qf7 45. Nxf5 1-0


[Site "https://www.chess.com"]

[Event "Titled Tuesday Blitz November 01 Late 2022"]
[White "Gunduz, Umut Erdem"]
[Black "Ramirez, Alejandro"]
[WhiteFideId "6381383"]
[BlackFideId "6500617"]
[WhiteElo "2182"]
[BlackElo "2694"]
[Result "0-1"]
[Round "10"]
[TimeControl "180+1"]
[Date "2022.11.01"]
[WhiteClock "0:00:04"]
[BlackClock "0:00:22"]

1. e4 e6 2. d4 d5 3. Nc3 Bb4 4. exd5 exd5 5. Bd3 Ne7 6. Qf3 Nbc6 7. Ne2 Be6 8. Be3 Bxc3+ 9. Nxc3 Qd7 10. h3 Bf5 11. O-O-O Bxd3 12. Rxd3 O-O 13. Ne2 Nb4 14. Rb3 a5 15. a3 Nbc6 16. Rxb7 a4 17. Bf4 Rfc8 18. Qc3 h6 19. Re1 Nf5 20. g4 Nd6 21. Bxd6 Qxd6 22. Rb5 Re8 23. Rc5 Re6 24. Rd1 Ra6 25. Qd3 Rb6 26. Nc3 Ne7 27. Nxa4 Rb8 28. Nc3 c6 29. a4 Ng6 30. a5 Nf4 31. Qf3 Re7 32. b3 Ne6 33. Na4 Nxc5 34. Nxc5 Ra7 35. a6 Qd8 36. Kb2 Qa5 37. Qc3 Qc7 38. Re1 Rba8 39. Qe3 Qa5 40. Qc3 Qb6 41. f4 Rxa6 42. Nxa6 Qxa6 43. Kc1 Qa3+ 44. Kd2 Qd6 45. Qe3 Qb4+ 46. Qc3 Qd6 47. Re5 f6 48. Re3 Rc8 49. f5 Qf4 50. Kc1 Re8 51. Kd2 Re4 52. Qd3 Rxd4 53. Qxd4 Qxd4+ 54. Rd3 Qf2+ 55. Kc3 Qc5+ 56. Kb2 d4 57. Kb1 Qd5 58. Kb2 c5 59. Kc1 c4 60. bxc4 Qxc4 61. Kd2 Kf7 62. Kd1 Ke7 63. Kd2 Qb4+ 64. Kd1 Qb1+ 65. Kd2 Qh1 66. Ke2 Qg2+ 67. Kd1 Qg1+ 68. Kd2 Qf2+ 69. Kd1 h5 70. gxh5 Qxf5 71. Rxd4 Qxh5+ 72. Kc1 Qxh3 0-1


[Site "https://www.chess.com"]

[Event "Titled Tuesday Blitz November 01 Late 2022"]
[White "Han, Yichen"]
[Black "Ezat, Mohamed"]
[WhiteFideId "1054430"]
[BlackFideId "10600906"]
[WhiteElo "2323"]
[BlackElo "2386"]
[Result "1-0"]
[Round "10"]
[TimeControl "180+1"]
[Date "2022.11.02"]
[WhiteClock "0:00:33"]
[BlackClock "0:00:31"]

1. e4 e5 2. Nf3 Nc6 3. Bc4 Nf6 4. O-O Be7 5. d4 exd4 6. e5 Ng4 7. Re1 d5 8. Bb5 Bb4 9. Bd2 Bc5 10. Bg5 Qd7 11. h3 Nh6 12. e6 fxe6 13. Ne5 Qd6 14. Qh5+ Kf8 15. Bxc6 bxc6 16. Bxh6 Qe7 17. Bg5 Qe8 18. Qxe8+ Kxe8 19. Nxc6 Rf8 20. Bh4 Bd7 21. Ne5 Rf5 22. Nd2 Bd6 23. Ndf3 c5 24. Bg3 Ke7 25. Re2 Bb5 26. Ree1 Raf8 27. a4 Be8 28. Bh4+ g5 29. Bxg5+ Rxg5 30. Nxg5 Rf5 31. Ngf3 c4 32. Ng4 Bc5 33. Rad1 Rf4 34. Nge5 Bxa4 35. g3 Re4 36. Rxe4 dxe4 37. Nxd4 Kf6 38. Nxc4 e5 39. b3 exd4 40. bxa4 Ke6 41. Nd2 Kd5 42. Nb3 Bb6 43. a5 Bc7 44. Rxd4+ Ke5 45. Rc4 1-0


[Site "https://www.chess.com"]

[Event "Titled Tuesday Blitz November 01 Late 2022"]
[White "Harvey, Marcus R"]
[Black "Zivkovic, Nemanja"]
[WhiteFideId "400092"]
[BlackFideId "942154"]
[WhiteElo "2457"]
[BlackElo "2372"]
[Result "0-1"]
[Round "10"]
[TimeControl "180+1"]
[Date "2022.11.01"]
[WhiteClock "0:00:03"]
[BlackClock "0:00:11"]

1. Nf3 Nf6 2. b3 g6 3. Bb2 Bg7 4. g3 O-O 5. Bg2 d6 6. d4 Bf5 7. O-O Nbd7 8. Nbd2 d5 9. Nh4 e6 10. f3 c5 11. g4 Bxg4 12. fxg4 Nxg4 13. Qe1 cxd4 14. Rc1 Rc8 15. Nhf3 Qb6 16. Kh1 Ne3 17. Rg1 Nxc2 18. Qh4 h6 19. Bh3 Rfe8 20. Qf4 a5 21. Rcf1 e5 22. Nxe5 Nxe5 23. Bxc8 Rxc8 24. Nf3 Nxf3 25. Qxf3 Qe6 26. Bc1 Ne3 27. Bxe3 dxe3 28. Rc1 Rc6 29. Rxc6 bxc6 30. Qf4 f5 31. Rf1 Kh7 32. Qf3 Be5 33. a3 Bd6 34. b4 axb4 35. axb4 Qe5 36. Qg2 Bxb4 37. Rg1 g5 38. Rb1 Bd6 39. h4 Kg6 40. hxg5 hxg5 41. Qh3 g4 42. Qh4 Qe4+ 43. Kg1 Qxb1+ 44. Kg2 Qe4+ 45. Kg1 Qf4 46. Kg2 Qf2+ 0-1


[Site "https://www.chess.com"]

[Event "Titled Tuesday Blitz November 01 Late 2022"]
[White "Haszon, David"]
[Black "Kodinets, Konstantin L."]
[WhiteFideId "733610"]
[BlackFideId "4122011"]
[WhiteElo "2211"]
[BlackElo "2447"]
[Result "0-1"]
[Round "10"]
[TimeControl "180+1"]
[Date "2022.11.02"]
[WhiteClock "0:00:16"]
[BlackClock "0:00:14"]

1. e4 e5 2. Nf3 d6 3. d4 exd4 4. Bc4 Be7 5. Qxd4 Nf6 6. Nc3 Nc6 7. Qe3 Ng4 8. Qf4 Nge5 9. Bb3 O-O 10. Nd5 Be6 11. c3 Re8 12. Qg3 Nd3+ 13. Kd2 Nxc1 14. Raxc1 Bf6 15. Rce1 Bxd5 16. Bxd5 Ne7 17. Bb3 a5 18. Ng5 Bxg5+ 19. Qxg5 a4 20. Bc4 c6 21. a3 Ra5 22. Qf4 d5 23. exd5 Nxd5 24. Rxe8+ Qxe8 25. Qf3 Qd8 26. Kc1 Qg5+ 27. Kc2 Nf6 28. Rd1 g6 29. g3 Kg7 30. h4 Qf5+ 31. Qxf5 Rxf5 32. f4 b5 33. Bd3 Rd5 34. Re1 h5 35. Be4 Rd6 36. Bf3 Ng4 37. Bxg4 hxg4 38. Rd1 Re6 39. Rd3 Re2+ 40. Rd2 Re1 41. Rg2 Kf6 42. c4 Re3 43. cxb5 cxb5 44. Rg1 Kf5 45. Rg2 Ke4 46. Kd2 Rb3 47. Kc2 Kf3 48. Rg1 Kf2 49. Rd1 Kxg3 50. Rd7 Kxh4 51. Rxf7 g3 52. f5 gxf5 0-1


[Site "https://www.chess.com"]

[Event "Titled Tuesday Blitz November 01 Late 2022"]
[White "Hemam, Moulaye Brahim"]
[Black "Prydun, Andriy"]
[WhiteFideId "19600054"]
[BlackFideId "14145898"]
[WhiteElo "2088"]
[BlackElo "2163"]
[Result "1-0"]
[Round "10"]
[TimeControl "180+1"]
[Date "2022.11.02"]
[WhiteClock "0:00:31"]
[BlackClock "0:01:34"]

1. e4 d5 2. exd5 Qxd5 3. Nc3 Qd6 4. d4 Nf6 5. Bc4 c6 6. Nf3 Bf5 7. h3 Nbd7 8. O-O e6 9. Re1 Be7 10. Ne5 Nxe5 11. dxe5 Qxd1 12. Nxd1 Nd7 13. Bb3 O-O 14. Ne3 Bg6 15. Nc4 Nc5 16. Nd6 Rfd8 17. Bf4 Bxd6 18. exd6 Rd7 19. Rad1 Nxb3 20. cxb3 Be4 21. Rxe4 Rad8 22. Red4 f6 23. R4d2 e5 24. Be3 Ra8 25. a4 Kf7 26. a5 Ke6 27. b4 a6 28. Bb6 Rg8 29. Bc5 g5 30. g4 h5 31. Kg2 Rh8 32. Rd3 h4 33. Rf3 Rg8 34. Rf5 Rg6 35. Rd3 Rh6 36. Rdf3 Rg6 37. Re3 Rh6 38. f4 gxf4 39. Rxf4 Rg7 40. Rf5 Rhg6 41. Kf3 Rg5 42. Rxg5 Rxg5 43. Rd3 Kd7 44. Ke4 Rg6 45. Be3 Rg8 46. Kf5 Rf8 47. Bh6 Rf7 48. Kg6 Ke6 49. d7 Rxd7 50. Rxd7 Kxd7 51. Kxf6 e4 52. Be3 1-0


[Site "https://www.chess.com"]

[Event "Titled Tuesday Blitz November 01 Late 2022"]
[White "Hjartarson, Johann"]
[Black "Tan, Ralph"]
[WhiteFideId "2300044"]
[BlackFideId "30966590"]
[WhiteElo "2458"]
[BlackElo "2059"]
[Result "1/2-1/2"]
[Round "10"]
[TimeControl "180+1"]
[Date "2022.11.02"]
[WhiteClock "0:00:10"]
[BlackClock "0:00:15"]

1. c4 Nf6 2. Nc3 g6 3. d4 Bg7 4. e4 d6 5. Nf3 O-O 6. Be2 Bg4 7. Be3 Nfd7 8. O-O e5 9. d5 a5 10. h3 Bxf3 11. Bxf3 f5 12. Qc2 f4 13. Bd2 Na6 14. a3 Nf6 15. Rab1 g5 16. b4 h5 17. g4 hxg4 18. hxg4 Qd7 19. Qd1 Rf7 20. Kg2 Bf8 21. Rh1 Re8 22. Qe2 Ree7 23. c5 Rh7 24. cxd6 cxd6 25. Qb5 Qc8 26. Rbc1 Rxh1 27. Rxh1 Nxg4 28. Qxa5 Nf6 29. Be2 g4 30. Kf1 Rg7 31. Qb5 f3 32. Bd1 Qc7 33. Ke1 Rh7 34. Qf1 Rxh1 35. Qxh1 Qc4 36. Qh4 Bg7 37. Qg5 Nxe4 38. Qxg4 Nxd2 39. Qe6+ Kh7 40. Kxd2 Qd4+ 41. Kc2 e4 42. Qf5+ Kh8 43. Qc8+ Kh7 44. Qf5+ Kg8 45. Qe6+ Kh7 46. Qf5+ 1/2-1/2


[Site "https://www.chess.com"]

[Event "Titled Tuesday Blitz November 01 Late 2022"]
[White "Hughes, Tyler B"]
[Black "Simonovic, Miroslav"]
[WhiteFideId "2026775"]
[BlackFideId "919152"]
[WhiteElo "2278"]
[BlackElo "2043"]
[Result "1-0"]
[Round "10"]
[TimeControl "180+1"]
[Date "2022.11.02"]
[WhiteClock "0:00:11"]
[BlackClock "0:00:24"]

1. d4 Nf6 2. c4 c5 3. d5 b5 4. Qc2 bxc4 5. e4 d6 6. Bxc4 g6 7. h3 Bg7 8. Nf3 O-O 9. O-O Nbd7 10. Nbd2 a5 11. a4 Ba6 12. Rb1 Bxc4 13. Nxc4 Nb6 14. Nfd2 Nfd7 15. b3 Qc7 16. Na3 Rfc8 17. Nb5 Qb8 18. Nc4 Ne5 19. Bd2 Nexc4 20. bxc4 Qb7 21. Na3 Rcb8 22. Rb5 Qd7 23. Rfb1 Ra6 24. Bxa5 Qa7 25. Bxb6 Rbxb6 26. a5 Rxb5 27. Nxb5 Qd7 28. Qa2 f5 29. exf5 gxf5 30. Re1 Bf6 31. Re3 Qd8 32. Ra3 e5 33. dxe6 Qe7 34. Qe2 Be5 35. Qf3 f4 36. Qd5 Kg7 37. Nc3 Qa7 38. Ne4 Rxa5 39. Rxa5 Qxa5 40. e7 Qa1+ 41. Kh2 f3+ 42. g3 Qf1 43. Qg8+ Kxg8 44. e8=Q+ Kg7 45. Qe7+ Kg8 46. Qe6+ Kg7 47. Qe7+ Kg8 48. Qg5+ Kf7 49. Qf5+ Ke7 50. Qxf3 Qxc4 51. Ng5 Qd4 52. Qf7+ Kd8 53. Ne6+ Kc8 54. Nxd4 Bxd4 55. Qxh7 c4 56. Qc2 c3 57. h4 Be5 58. h5 d5 59. h6 d4 60. h7 Kc7 61. f4 Bg7 62. g4 Kc6 63. g5 Kc5 64. f5 Kc4 65. f6 Bh8 66. Qa4+ Kd3 67. Qa6+ Kd2 68. Qa2+ c2 69. f7 Kd1 70. Qxc2+ Kxc2 71. f8=Q Be5+ 72. Kh3 d3 73. Qc8+ Kd1 74. h8=Q Bxh8 75. Qxh8 d2 76. Qd8 Ke2 77. g6 d1=Q 78. Qxd1+ Kxd1 79. g7 Ke2 80. g8=Q Kf3 81. Qg4+ Kf2 82. Qg3+ Ke2 83. Kg2 Kd2 84. Qf3 Kc2 85. Qe3 Kd1 86. Qf2 Kc1 87. Qe2 Kb1 88. Qd2 Ka1 89. Kf3 Kb1 90. Ke3 Ka1 91. Kd3 Kb1 92. Kc3 Ka1 93. Qb2# 1-0


[Site "https://www.chess.com"]

[Event "Titled Tuesday Blitz November 01 Late 2022"]
[White "Indjic, Aleksandar"]
[Black "Seo, Jung Min"]
[WhiteFideId "911925"]
[BlackFideId "1734687"]
[WhiteElo "2592"]
[BlackElo "2455"]
[Result "1/2-1/2"]
[Round "10"]
[TimeControl "180+1"]
[Date "2022.11.01"]
[WhiteClock "0:00:35"]
[BlackClock "0:00:43"]

1. e4 c6 2. d4 d5 3. exd5 cxd5 4. Bd3 Nc6 5. c3 Nf6 6. h3 e5 7. dxe5 Nxe5 8. Nf3 Nxd3+ 9. Qxd3 Bd6 10. O-O O-O 11. Bg5 h6 12. Be3 Re8 13. Nbd2 Ne4 14. Nd4 Nxd2 15. Qxd2 Bd7 16. Bf4 Bf8 17. Rfe1 Qf6 18. Bg3 a6 19. Nf3 Bc6 20. Be5 Qg6 21. Nd4 Re7 22. Nxc6 bxc6 23. Bg3 Rae8 24. Rxe7 Rxe7 25. Rd1 Qe4 26. b3 Re8 27. Kf1 h5 28. Qd3 Qxd3+ 29. Rxd3 g6 30. f3 f5 31. Bf2 Kf7 32. c4 dxc4 33. bxc4 Rb8 34. Rb3 Rxb3 35. axb3 Ke6 36. Ke2 Bb4 37. Kd3 Be7 38. Be3 Bd6 39. Kd4 Be7 40. Bf4 c5+ 41. Kd3 Bf8 42. Kc2 Be7 43. Kb2 Kd7 44. Ka3 Kc6 45. Ka4 Bd8 46. Be5 Kd7 47. Bc3 Kc6 48. Bd2 Bc7 49. Be1 Bd8 50. Bc3 Bc7 51. Bf6 Bb6 52. Be5 Bd8 53. Ka3 Bb6 54. Bf6 Bc7 55. Bg5 Bb6 56. Kb2 Ba5 57. Kc2 Bc7 58. Kd3 Kd7 59. Be3 Bd6 60. Bf2 Ke6 61. Kd2 Kd7 62. Ke3 Ke6 63. g4 hxg4 64. fxg4 fxg4 65. hxg4 Bc7 66. Ke4 Bd6 67. Be3 Bf8 68. Bf4 Be7 69. Ke3 Bf8 70. Kd2 Be7 71. Kd3 Bf8 72. Ke4 Be7 1/2-1/2


[Site "https://www.chess.com"]

[Event "Titled Tuesday Blitz November 01 Late 2022"]
[White "Jaskolka, Tomasz"]
[Black "Mladenovic, Stefan"]
[WhiteFideId "1170791"]
[BlackFideId "942227"]
[WhiteElo "2126"]
[BlackElo "2337"]
[Result "0-1"]
[Round "10"]
[TimeControl "180+1"]
[Date "2022.11.02"]
[WhiteClock "0:00:43"]
[BlackClock "0:01:48"]

1. e4 c5 2. Nf3 d6 3. Bb5+ Bd7 4. Bxd7+ Qxd7 5. d4 cxd4 6. Nxd4 Nf6 7. Nc3 g6 8. O-O Bg7 9. h3 O-O 10. Be3 Nc6 11. Qd2 Ne5 12. Qe2 Rac8 13. Rad1 Nc4 14. Bc1 Qc7 15. Nd5 Nxd5 16. exd5 Qb6 17. c3 Rfe8 18. Nc6 bxc6 19. Qxc4 cxd5 20. Qxd5 Rc5 21. Qf3 Rf5 22. Qg3 Be5 23. Qg4 h5 24. Qa4 Rc8 25. Be3 Qxb2 26. Rb1 Qe2 27. Qxa7 Bf6 28. Bd4 Bxd4 29. cxd4 Rc2 30. d5 Rxa2 31. Qb7 Rxf2 32. Rxf2 Qxf2+ 33. Kh1 Qxg2# 0-1


[Site "https://www.chess.com"]